 Dungeon Crawl Stone Soup version 0.31.0-11-ge490571c62 (webtiles) character file.

Game seed: 88480846847846003

622 PaiMei the Digger (level 7, 0/42 HPs)
             Began as a Gargoyle Earth Elementalist on Jan 27, 2024.
             Slain by a mummy (13 damage)
             ... in an ossuary.
             The game lasted 00:07:56 (3518 turns).

PaiMei the Digger (Gargoyle Earth Elementalist)     Turns: 3518, Time: 00:07:56

Health: 0/42       AC:  6    Str: 11    XL:     7   Next: 46%
Magic:  13/13      EV: 12    Int: 24    God:
Gold:   130        SH:  0    Dex: 10    Spells: 7/14 levels left

rFire   . . .        c - +0 long sword
rCold   . . .        (no shield)
rNeg    + . .        a - +0 robe
rPois   ∞            (no helmet)
rElec   +            (no cloak)
rCorr   .            (no gloves)
SInv    .            (no boots)
Will    .....        (no amulet)
Stlth   ++           p - +6 ring of intelligence
HPRegen 0.27/turn    (no ring)
MPRegen 0.13/turn

%: no passive effects
@: no status effects
A: sickness immunity, AC +4, negative energy resistance 1, electricity
resistance, torment resistance 1, petrification resistance
a: no special abilities


You were in an ossuary.
You visited 1 branch of the dungeon, and saw 4 of its levels.
You also visited: Ossuary.

You collected 130 gold pieces.

Inventory:

Hand Weapons
 c - a +0 long sword (weapon)
Missiles
 f - 3 poisoned darts (quivered)
 i - 20 stones
Armour
 a - a +0 robe (worn)
 g - a +0 buckler
Jewellery
 p - a +6 ring of intelligence (left hand)
Scrolls
 m - 2 scrolls of identify {unknown}
 n - a scroll of revelation {unknown}
 o - a scroll of fear {unknown}
 r - a scroll of silence {unknown}
 s - 2 scrolls of brand weapon {unknown}
 t - a scroll of teleportation {unknown}
Potions
 b - 2 potions of magic
 d - a potion of ambrosia {unknown}
 e - a potion of curing {unknown}
 h - 2 potions of lignification {unknown}
 j - a potion of haste {unknown}
 k - a potion of mutation {unknown}
 l - a potion of cancellation {unknown}
 q - a potion of brilliance {unknown}


   Skills:
 + Level 3.9 Fighting
 - Level 2.0 Dodging
 - Level 2.3 Stealth
 + Level 3.6 Shields
 + Level 4.0 Spellcasting
 - Level 1.3 Conjurations
 + Level 5.8 Earth Magic


You had 7 spell levels left.
You knew the following spells:

 Your Spells              Type           Power      Damage    Failure   Level
a - Sandblast             Erth           66%        2d15      1%          1
b - Stone Arrow           Conj/Erth      44%        3d9       7%          3
c - Passwall              Erth           33%        N/A       2%          3

Your spell library contained the following spells:

 Spells                   Type           Power      Damage    Failure   Level
 Brom's Barrelling Bould  Conj/Erth      22%        2d4       22%         4
 Petrify                  Alch/Erth      18%        N/A       28%         4


Dungeon Overview and Level Annotations

Branches:
Dungeon (4/15)            Ossuary (1/1)
 Temple: D:4-7

Altars:
Hepliaklqana

Shops:
D:1 [


Innate Abilities, Weirdness & Mutations

You are immune to sickness and miasma.
Your stone body is resilient. (AC +4)
You are immune to poison.
You resist negative energy. (rN+)
You are resistant to electric shocks. (rElec)
You are resistant to unholy torment.
You are immune to petrification.


Message History

The adder zombie bites you but does no damage.
Casting: Sandblast (safe; 1% risk of failure)
Confirm with . or Enter, or press ? or * to list all spells.
Aiming: Sandblast (safe; 1% risk of failure)
Press: ? - help, Shift-Dir - straight line, f - adder zombie
Aim: an adder zombie (84% to hit)
The blast of sand hits the adder zombie!
The adder zombie is almost destroyed.
The adder zombie barely misses you.
The elf zombie attacks as it pursues you!
The elf zombie misses you. The adder zombie completely misses you.
The adder zombie attacks as it pursues you!
The adder zombie barely misses you.
Casting: Sandblast (safe; 1% risk of failure)
Confirm with . or Enter, or press ? or * to list all spells.
Aiming: Sandblast (safe; 1% risk of failure)
Press: ? - help, Shift-Dir - straight line, f/p - adder zombie
Aim: an adder zombie (almost destroyed, 84% to hit)
The blast of sand hits the adder zombie!
You destroy the adder zombie!
The human zombie hits you but does no damage.
The gnoll zombie barely misses you. The human zombie closely misses you.
You hit the orc zombie.
The orc zombie is severely damaged.
The gnoll zombie closely misses you. The human zombie barely misses you.
The orc zombie closely misses you.
The gnoll zombie attacks as it pursues you!
The gnoll zombie misses you. The orc zombie closely misses you.
The orc zombie attacks as it pursues you!
The orc zombie hits you but does no damage.
The mummy completely misses you. The gnoll zombie misses you.
The gnoll zombie hits you. The mummy hits you.
* * * LOW HITPOINT WARNING * * *
The gnoll zombie attacks as it pursues you!
The gnoll zombie hits you but does no damage.
The mummy hits you!
You die...

######################
#......@.Z∩MZZ.......#
#.......M...Z.ZZ.....#
#...##############Z..#
#...# #...# #...#
#Z..# #...# #.Z.#
#...#.....∩.# #ZZ.#
#...# ......# #...#
#...# .....# #...#


You could see 2 mummies, 3 gnoll zombies, an orc zombie and a human zombie.

Vanquished Creatures
  A water moccasin (D:4)
  2 phantoms (D:4)
  An elf zombie (Ossuary)
  A scorpion (D:4)
  A centaur zombie (Ossuary)
  A hound (D:4)
  4 hound zombies (Ossuary)
  2 adders
  7 adder zombies
  2 adder skeletons (D:2)
  A ribbon worm (D:3)
  2 dart slugs (D:4)
  An orc (D:4)
  3 ball pythons
  5 bats
  4 bat zombies (D:2)
  6 endoplasms
  2 giant cockroaches
  4 gnoll zombies (Ossuary)
  4 goblins
  5 hobgoblins
  4 jackals (D:3)
  4 quokkas
  A ball python skeleton (D:2)
  A ball python zombie (D:2)
  4 frilled lizards
  2 giant cockroach zombies (D:2)
  5 jackal zombies (Ossuary)
  3 kobolds
  2 kobold zombies (Ossuary)
  4 orc zombies (Ossuary)
  A quokka skeleton (D:2)
  A quokka zombie (D:2)
  2 rats (D:1)
93 creatures vanquished.

Notes
Turn   | Place    | Note
-------+----------+-------------------------------------------
     0 | D:1      | PaiMei the Gargoyle Earth Elementalist began the quest for
                  | the Orb.
     0 | D:1      | Reached XP level 1. HP: 10/10 MP: 3/3
    28 | D:1      | Found Sybimy's Antique Armour Emporium.
   149 | D:1      | Reached XP level 2. HP: 15/15 MP: 5/5
   664 | D:2      | Reached skill level 4 in Earth Magic
   664 | D:2      | Reached XP level 3. HP: 14/20 MP: 6/6
   817 | D:2      | Reached skill level 1 in Fighting
  1189 | D:2      | Reached XP level 4. HP: 23/25 MP: 7/7
  1543 | D:3      | Reached skill level 1 in Shields
  2241 | D:4      | Noticed a phantom
  2242 | D:4      | Noticed a scorpion
  2249 | D:4      | Found a hazy altar of Hepliaklqana.
  2253 | D:4      | Noticed a phantom
  2256 | D:4      | Killed a phantom
  2257 | D:4      | Reached XP level 5. HP: 7/31 MP: 5/9
  2292 | D:4      | Killed a phantom
  2293 | D:4      | Reached skill level 5 in Earth Magic
  2293 | D:4      | Reached XP level 6. HP: 8/36 MP: 6/10
  2480 | D:4      | Learned a level 3 spell: Stone Arrow
  2484 | D:4      | Learned a level 3 spell: Passwall
  2570 | D:4      | Noticed a water moccasin
  2578 | D:4      | Killed a water moccasin
  2590 | D:4      | Reached XP level 7. HP: 13/41 MP: 7/12
  2721 | D:4      | Found a sand-covered staircase.
  2729 | Ossuary  | Entered an ossuary
  3441 | Ossuary  | HP: 2/42 [mummy (3)]
  3518 | Ossuary  | Slain by a mummy

Illustrated notes

Levels and vault maps discovered:
D:1:      tarquinn_simple_flora_water_b, layout_rooms, serial_shops,
          nicolae_shop_overgrown_old_shop
D:2:      layout_loops_corners, serial_undead, serial_undead_c, serial_undead_d,
          serial_undead_d, serial_undead_b, serial_undead_d, serial_undead_f,
          serial_undead_f, serial_undead_d, serial_undead_b, serial_undead_b
D:3:      layout_loops_ring
D:4:      layout_rooms, nicolae_hepliaklqana_hazy_memory, temple_pool_b,
          enter_ossuary_4, serial_forest, infiniplex_forest_straight_3,
          infiniplex_forest_3_way, infiniplex_forest_zigzag_1,
          infiniplex_forest_lined_ring, infiniplex_forest_straight_1,
          infiniplex_forest_corner_1, infiniplex_forest_side_room
Ossuary:  ossuary_tomb_1

Skill      XL: |  1  2  3  4  5  6  7 |
---------------+----------------------+-----
Earth Magic    | 4 5 |  5.8
Dodging        | 2 |  2.0
Fighting       | 1 2 3 |  3.9
Shields        | 1 2 3 |  3.6
Spellcasting   | 3 4 |  4.0
Stealth        | |  2.3
Conjurations   | |  1.3

Action                     |  1- 3 |  4- 6 |  7- 9 || total
---------------------------+-------+-------+-------++-------
  Melee: Long sword        |   156 |    86 |   138 ||   380
         Punch             |       |     1 |     3 ||     4
   Cast: Sandblast         |     2 |    16 |     6 ||    24
   Stab: Sleeping          |     1 |     2 |       ||     3
 Armour: Robe              |   149 |    85 |   179 ||   413
  Dodge: Dodged            |   169 |   100 |   159 ||   428
